 Dungeon Crawl Stone Soup version 0.21.1-1-g345015f (webtiles) character file.

26401 tidbits the Thaumaturge (level 13, -8/101 HPs)
             Began as a Gnoll Skald on June 24, 2018.
             Was a High Priest of Cheibriados.
             Mangled by a hornet (11 damage)
             ... on level 3 of the Swamp.
             The game lasted 00:53:00 (3741 turns).

tidbits the Thaumaturge (Gnoll Skald)               Turns: 3741, Time: 00:53:01

Health: -8/101     AC: 11    Str: 26    XL:     13   Next: 25%
Magic:  25/35      EV: 22    Int: 36    God:    Cheibriados [*****.]
Gold:   484        SH:  0    Dex: 32    Spells: 9/30 levels left

rFire    . . .     SeeInvis .   X - +6 falchion "Afienum" {slice, MR+ Int+4 Dex+5}
rCold    . . .     Gourm    .   (no shield)
rNeg     . . .     Faith    .   B - +0 ring mail
rPois    +         Spirit   .   E - +1 hat
rElec    .         Reflect  .   C - +1 cloak (curse)
rCorr    .         Harm     .   (no gloves)
MR       +....                  (no boots)
Stlth    ++++......             I - amulet of magic regeneration
HPRegen  0.26/turn              H - ring of magical power
MPRegen  0.49/turn              P - ring of poison resistance

@: slowed, very slow
A: distributed training, fangs 1, horns 1, sense surroundings 1, shaggy fur 1,
strong nose
a: Bend Time, Temporal Distortion, Slouch, Step From Time, Renounce Religion


You were on level 3 of the Swamp.
You worshipped Cheibriados.
Cheibriados was extremely pleased with you.
You were not hungry.

You visited 4 branches of the dungeon, and saw 23 of its levels.
You also visited: Sewer.

You collected 484 gold pieces.

Inventory:

Hand Weapons
 a - a +0 war axe
 F - a +0 dire flail
 G - a +0 dagger of draining
   (You took it off an orc on level 8 of the Dungeon)
 J - a +0 glaive
 S - a cursed +4 great sword of freezing
   (You took it off a wight on level 12 of the Dungeon)
 U - the +3 hand crossbow "Suclaor" {venom, rElec rN+ Dex-3, unknown}
   (You found it on level 12 of the Dungeon)

   It poisons the ammo it fires.
   It affects your dexterity (-3).
   It insulates you from electricity.
   It protects you from negative energy.
 X - the +6 falchion "Afienum" (weapon) {slice, MR+ Int+4 Dex+5}
   (You found it on level 1 of the Swamp)

   It inflicts extra damage upon your enemies.
   It affects your intelligence (+4).
   It affects your dexterity (+5).
   It affects your resistance to hostile enchantments.
Missiles
 e - 5 tomahawks (quivered)
 g - 154 arrows
 L - 2 steel tomahawks
 Q - 2 throwing nets {!f}
Armour
 x - a cursed +0 helmet
 B - a +0 ring mail (worn)
 C - a cursed +1 cloak (worn)
 E - a +1 hat (worn)
Magical Staves
 y - an uncursed staff of power {!a}
   (You found it on level 7 of the Dungeon)
 A - an uncursed staff of conjuration {!a}
   (You found it on level 8 of the Dungeon)
Jewellery
 H - a ring of magical power (left hand)
   (You found it on level 8 of the Dungeon)
 I - an amulet of magic regeneration (around neck)
   (You found it on level 8 of the Dungeon)
 P - a ring of poison resistance (right hand)
   (You found it on level 11 of the Dungeon)
 V - an uncursed ring of see invisible
   (You found it on level 11 of the Dungeon)
 Z - the ring "Jestrifig" {Wiz +Blink rElec Int+4 Stlth-}
   (You found it on level 2 of the Lair of Beasts)

   [ring of wizardry]

   It improves your spell success rate.
   It affects your intelligence (+4).
   It insulates you from electricity.
   It lets you blink.
   It makes you less stealthy.
Wands
 D - a wand of polymorph (12)
 K - a wand of disintegration (2)
 N - a wand of random effects (17)
 O - a wand of clouds (6)
Scrolls
 i - 4 scrolls of fog
 j - a scroll of blinking
 k - 4 scrolls of teleportation
 q - a scroll of fear
 r - 5 scrolls of remove curse
 s - a scroll of enchant weapon {unknown}
 v - a scroll of holy word
Potions
 b - a potion of mutation {!q}
 f - 3 potions of ambrosia
 h - 7 potions of curing
 l - 2 potions of flight
 n - 2 potions of brilliance
 o - a potion of magic
 p - a potion of heal wounds
 t - 2 potions of might
 u - 2 potions of haste
 w - 2 potions of degeneration
 z - 2 potions of agility
 M - a potion of invisibility
Books
 d - a book of Battle

   Spells                             Type                      Level
   a - Infusion                       Charms                       1
   b - Shroud of Golubria             Charms/Translocation         2
   c - Song of Slaying                Charms                       2
   d - Spectral Weapon                Hexes/Charms                 3
   e - Regeneration                   Charms/Necromancy            3
 m - a book of Callings
   (You found it on level 5 of the Dungeon)

   Spells                             Type                      Level
   a - Summon Small Mammal            Summoning                    1
   b - Call Imp                       Summoning                    2
   c - Call Canine Familiar           Summoning                    3
   d - Summon Guardian Golem          Hexes/Summoning              3
   e - Summon Lightning Spire         Summoning/Air                4
   f - Summon Ice Beast               Ice/Summoning                4
 R - a book of Flames
   (You found it on level 4 of the Swamp)

   Spells                             Type                      Level
   a - Flame Tongue                   Conjuration/Fire             1
   b - Throw Flame                    Conjuration/Fire             2
   c - Conjure Flame                  Conjuration/Fire             3
   d - Inner Flame                    Hexes/Fire                   3
   e - Sticky Flame                   Conjuration/Fire             4
   f - Fireball                       Conjuration/Fire             5
 W - a book of Necromancy
   (You found it on level 11 of the Dungeon)

   Spells                             Type                      Level
   a - Pain                           Necromancy                   1
   b - Animate Skeleton               Necromancy                   1
   c - Vampiric Draining              Necromancy                   3
   d - Regeneration                   Charms/Necromancy            3
   e - Animate Dead                   Necromancy                   4
   f - Borgnjor's Vile Clutch         Necromancy/Earth             5
Miscellaneous
 T - a lamp of fire
 Y - a sack of spiders
Comestibles
 c - 12 rations


   Skills:
 + Level 9.2 Fighting
 + Level 7.9 Short Blades
 + Level 7.9 Long Blades
 + Level 9.2 Axes
 + Level 7.9 Maces & Flails
 + Level 7.9 Polearms
 + Level 7.9 Staves
 + Level 7.9 Slings
 + Level 7.9 Bows
 + Level 7.9 Crossbows
 + Level 7.9 Throwing
 + Level 8.4 Armour
 + Level 9.2 Dodging
 + Level 7.9 Stealth
 + Level 7.9 Shields
 + Level 7.9 Unarmed Combat
 + Level 9.4 Spellcasting
 + Level 6.6 Conjurations
 + Level 6.6 Hexes
 + Level 8.6 Charms
 + Level 6.6 Summonings
 + Level 6.6 Necromancy
 + Level 6.6 Translocations
 + Level 6.6 Transmutations
 + Level 6.6 Fire Magic
 + Level 6.6 Ice Magic
 + Level 6.6 Air Magic
 + Level 6.6 Earth Magic
 + Level 6.6 Poison Magic
 + Level 8.7 Invocations
 + Level 7.9 Evocations


You had 9 spell levels left.
You knew the following spells:

 Your Spells              Type           Power        Failure   Level  Hunger
g - Shroud of Golubria    Chrm/Tloc      ######....   1%          2    None
i - Infusion              Chrm           ####         1%          1    None
n - Animate Skeleton      Necr           N/A          1%          1    None
r - Regeneration          Chrm/Necr      ######....   1%          3    None
v - Borgnjor's Vile Clut  Necr/Erth      ######....   6%          5    ##.....
w - Spectral Weapon       Hex/Chrm       ######..     1%          3    None
y - Song of Slaying       Chrm           ######..     1%          2    None
L - Summon Lightning Spi  Summ/Air       ######..     2%          4    None


Dungeon Overview and Level Annotations

Branches:
Dungeon (13/15)            Temple (1/1) D:6            Lair (5/6) D:9
  Swamp (4/4) Lair:2        Slime (0/5) Lair:5
  Snake: Lair:2-4    Spider: Lair:2-4       Orc: D:9-12      Vaults: D:13-14

Altars:
Ashenzari
Cheibriados
Elyvilon
Hepliaklqana
Kikubaaqudgha
Makhleb
Nemelex Xobeh
Ru
Sif Muna
Vehumet
Wu Jian
Xom
Yredelemnul
Zin
Jiyva

Shops:
D:8 :

Portals:
Ice
Cave: Swamp:1

Annotations:
D:9 Joseph
Swamp:1 exclusion: ice statue
Swamp:4 Bnni's ghost, adept FoFi


Innate Abilities, Weirdness & Mutations

Your experience applies equally to all skills.
You have very sharp teeth.
Your uncanny sense of smell can sniff out nearby items.
You have a pair of small horns on your head.
You passively map a small area around you.
You are covered in fur. (AC +1)


Message History

A hornet comes into view.
Evoke which item? (* to show all) (? for menu, Esc to quit)
Okay, then.
Unknown command.
Unknown command.
Casting: Borgnjor's Vile Clutch
Confirm with . or Enter, or press ? or * to list all spells.
Aiming: Borgnjor's Vile Clutch
Press: ? - help, Dir - move target cursor, f/p - spriggan druid
Aim: a spriggan druid, wielding a quarterstaff and wearing a robe (severely wounded) Decaying hands burst forth from the earth!
Zombie hands grab the spriggan druid.
The zombie hands constrict the spriggan druid.
The alligator bites your spectral weapon but does no damage.
The alligator tail-slaps your spectral weapon!
Your spectral weapon shares its damage with you!
The spriggan druid struggles to escape constriction.
A swamp dragon and a spriggan come into view.
Throwing (i - inventory. (,) - cycle):
e - 7 tomahawks (quivered)
Press: ? - help, Shift-Dir - straight line, f/p - spriggan druid
Aim: a spriggan druid, wielding a quarterstaff and wearing a robe (severely wounded, constricted by zombie hands)
You throw a tomahawk.
The tomahawk barely misses the spriggan druid.
The zombie hands constrict the spriggan druid.
The alligator puts on a burst of speed!
The spriggan druid gestures wildly while chanting.
The spriggan druid is healed somewhat.
The spriggan moves out of view. 2 spriggan riders come into view.
A spriggan rider is wielding a spear of pain.
Throwing (i - inventory. (,) - cycle):
e - 6 tomahawks (quivered)
Press: ? - help, Shift-Dir - straight line, f/p - spriggan druid
Aim: a spriggan druid, wielding a quarterstaff and wearing a robe (severely wounded, constricted by zombie hands)
You throw a tomahawk. The spriggan rider shouts!
The tomahawk hits the spriggan druid.
The spriggan druid is severely wounded.
The zombie hands constrict the spriggan druid!
The spriggan rider unwields an uncursed spear of pain.
The spriggan rider wields a blowgun.
The spriggan rider shoots a curare-tipped needle.
The curare-tipped needle completely misses you.
The spriggan druid struggles to escape constriction.
Unknown command.
You barely miss the alligator.
You headbutt the alligator, but do no damage.
You punch the alligator!
The alligator is lightly wounded.
The zombie hands constrict the spriggan druid.
With its final breath, the spriggan druid offers up its power to the beasts of the wild!
The alligator is healed.
The hornet seems to grow more fierce.
The alligator seems to grow more fierce.
You kill the spriggan druid!
Cheibriados thoroughly appreciates the change of pace.
Your spectral weapon hits the alligator!
The alligator bites you!!
* * * LOW HITPOINT WARNING * * *
The alligator tail-slaps you!!
* * * LOW HITPOINT WARNING * * *
The hornet stings you!
* * * LOW HITPOINT WARNING * * *
The spriggan rider shoots a curare-tipped needle.
The curare-tipped needle hits you.
You have difficulty breathing.
* * * LOW HITPOINT WARNING * * *
You feel yourself slow down. The alligator barely misses you.
You riposte.
You slash the alligator! You headbutt the alligator!
You punch the alligator, but do no damage.
You bite the alligator.
The alligator is heavily wounded.
The alligator tail-slaps you but does no damage.
A spriggan comes into view. It is wielding a rapier.
You feel much better.
Your spectral weapon fades away.
The hornet misses you.
The spriggan moves out of view.
The spriggan rider shoots a curare-tipped needle.
The curare-tipped needle hits you. The hornet closely misses you.
The alligator bites you!
* * * LOW HITPOINT WARNING * * *
The alligator tail-slaps you!
* * * LOW HITPOINT WARNING * * *
The spriggan rider barely misses you.
You can feel time thicken for a moment.
You kill the hornet!
Cheibriados thoroughly appreciates the change of pace.
You kill the alligator!
Cheibriados appreciates the change of pace.
With its final breath, the spriggan druid offers up its power to the beasts of the wild!
The swamp dragon seems to grow more fierce.
You kill the spriggan druid!
Cheibriados appreciates the change of pace.
You hear a splash.
You kill the spriggan!
Cheibriados thoroughly appreciates the change of pace.
Cheibriados raises the support of your attributes as your movement slows.
You kill the hornet!
Cheibriados thoroughly appreciates the change of pace.
The spriggan falls from its now dead mount.
You feel somewhat more hungry.
Cheibriados lowers the support of your attributes as your movement quickens.
The hornet stings you!
You die...

≈ * , , ≈ * ...†i..*
, ≈ .(.≈≈≈?♣♣, ,. *
, ≈ ≈≈≈≈≈≈≈≈♣ ≈ ≈.,
, ≈≈≈≈≈≈≈.♣ , ≈≈. ≈
,* ≈ ≈
....≈≈≈≈.♣♣♣.≈≈≈ ,
≈..≈≈≈)§..≈i≈≈.. , *
≈≈≈≈...y≈)♣)≈≈≈♣≈≈ ,
≈
≈≈≈.♣♣♣.@.§....≈≈≈≈
≈ ≈≈≈...≈≈≈≈.≈≈≈≈≈≈≈
*,.≈..≈§.D♣♣.≈≈≈.≈≈≈
, ♣.♣♣..≈.♣♣≈≈≈≈.≈.
≈ ≈ ≈ * *
*♣♣..≈≈.≈≈≈≈.♣ ,≈
♣♣.≈≈§≈≈≈≈♣♣* ,, ≈ ≈
, * ♣..§≈≈≈.♣♣ , , ≈
♣♣♣≈♣..≈≈≈♣ ♣♣♣≈ *,
∆ ≈ ,
.≈§.♣♣..§♣♣♣♣♣≈♣***
*


You could see a swamp dragon, a hornet and 2 spriggans.

Vanquished Creatures
  2 hydras
  An alligator (Swamp:3)
  A two-headed ogre (D:8)
  4 death yaks (Lair:4)
  4 slime creatures
  A swamp dragon (Swamp:4)
  2 spriggan druids (Swamp:3)
  2 black mambas (Lair:2)
  A centaur skeleton (D:12)
  A spiny frog (Lair:2)
  A komodo dragon (Lair:3)
  A rime drake (Lair:4)
  2 trolls
  A dream sheep (Lair:4)
  3 hornets
  2 hippogriffs
  2 spriggans
  A wyvern (D:11)
  12 yaks
  A hungry ghost (D:12)
  5 vampire mosquitoes (Swamp:1)
  2 insubstantial wisps (Swamp:1)
  2 swamp worms (Swamp:3)
  2 water moccasins
  A hell hound (D:9)
  7 porcupines
  2 orc warriors
  A swamp drake (Swamp:1)
  A necrophage (D:7)
  3 ogres
  2 centaurs
  4 crocodiles
  5 bullfrogs
  A wyvern zombie (D:12)
  2 scorpions
  4 killer bees (D:12)
  2 wights (D:12)
  An electric eel (D:10)
  2 howler monkeys
  A quasit (D:7)
  3 hounds
  5 orc wizards
  3 orc priests
  2 jellies
  An iguana (D:8)
  2 worker ants
  4 river rats (Sewer)
  13 adders
  A shadow imp (D:9)
  An ooze (Sewer)
  An adder zombie (D:5)
  An adder skeleton (D:9)
  A dart slug (D:3)
  19 orcs
  14 ball pythons (Sewer)
  A bat (D:1)
  5 giant cockroaches
  A hobgoblin (D:1)
  2 quokkas
  A frilled lizard (Sewer)
  5 kobolds
  A quokka skeleton (D:5)
  26 rats
  A fungus (Lair:1)
209 creatures vanquished.

Vanquished Creatures (collateral kills)
  A catoblepas (Lair:4)
  A spriggan druid (Swamp:4)
  A komodo dragon (Lair:1)
  4 dream sheep (Lair:4)
  7 yaks
  A basilisk (Lair:5)
  A porcupine (Lair:4)
  A hell hound (D:9)
  An ice beast (D:11)
  A centaur (D:12)
  A wight (D:12)
  An adder (D:11)
  2 orcs (D:12)
23 creatures vanquished.

Vanquished Creatures (others)
  A bush (Lair:4)
  A plant (Swamp:1)
  3 spectral weapons
5 creatures vanquished.

Grand Total: 237 creatures vanquished

Notes
Turn   | Place    | Note
-------+----------+-------------------------------------------
     0 | D:1      | tidbits the Gnoll Skald began the quest for the Orb.
     0 | D:1      | Reached XP level 1. HP: 20/20 MP: 6/6
    59 | D:1      | Reached XP level 2. HP: 26/26 MP: 0/7
    67 | D:1      | Learned a level 2 spell: Song of Slaying
    70 | D:1      | Learned a level 2 spell: Shroud of Golubria
   228 | D:3      | Reached XP level 3. HP: 31/31 MP: 3/9
   236 | D:3      | Reached skill level 5 in Spellcasting
   245 | D:3      | Learned a level 3 spell: Spectral Weapon
   249 | D:3      | Learned a level 3 spell: Regeneration
   287 | D:4      | Reached skill level 1 in Short Blades
   287 | D:4      | Reached skill level 1 in Long Blades
   287 | D:4      | Reached skill level 1 in Maces & Flails
   287 | D:4      | Reached skill level 1 in Polearms
   287 | D:4      | Reached skill level 1 in Staves
   287 | D:4      | Reached skill level 1 in Slings
   287 | D:4      | Reached skill level 1 in Bows
   287 | D:4      | Reached skill level 1 in Crossbows
   287 | D:4      | Reached skill level 1 in Throwing
   287 | D:4      | Reached skill level 1 in Stealth
   287 | D:4      | Reached skill level 1 in Shields
   287 | D:4      | Reached skill level 1 in Unarmed Combat
   287 | D:4      | Reached skill level 1 in Invocations
   287 | D:4      | Reached skill level 1 in Evocations
   287 | D:4      | Reached XP level 4. HP: 30/38 MP: 4/11
   300 | D:4      | Reached skill level 1 in Conjurations
   300 | D:4      | Reached skill level 1 in Hexes
   300 | D:4      | Reached skill level 1 in Summonings
   300 | D:4      | Reached skill level 1 in Necromancy
   300 | D:4      | Reached skill level 1 in Translocations
   300 | D:4      | Reached skill level 1 in Transmutations
   300 | D:4      | Reached skill level 1 in Fire Magic
   300 | D:4      | Reached skill level 1 in Ice Magic
   300 | D:4      | Reached skill level 1 in Air Magic
   300 | D:4      | Reached skill level 1 in Earth Magic
   300 | D:4      | Reached skill level 1 in Poison Magic
   320 | D:4      | Reached XP level 5. HP: 12/43 MP: 5/12
   340 | D:5      | Entered Level 5 of the Dungeon
   436 | D:5      | Found a glowing drain.
   457 | D:5      | Reached skill level 3 in Armour
   471 | Sewer    | Entered a sewer
   544 | Sewer    | Reached XP level 6. HP: 36/50 MP: 5/13
   547 | Sewer    | Reached skill level 2 in Invocations
   699 | Sewer    | Reached skill level 5 in Fighting
   699 | Sewer    | Reached skill level 2 in Short Blades
   699 | Sewer    | Reached skill level 2 in Long Blades
   699 | Sewer    | Reached skill level 5 in Axes
   699 | Sewer    | Reached skill level 2 in Maces & Flails
   699 | Sewer    | Reached skill level 2 in Polearms
   699 | Sewer    | Reached skill level 2 in Staves
   699 | Sewer    | Reached skill level 2 in Slings
   699 | Sewer    | Reached skill level 2 in Bows
   699 | Sewer    | Reached skill level 2 in Crossbows
   699 | Sewer    | Reached skill level 2 in Throwing
   699 | Sewer    | Reached skill level 5 in Dodging
   699 | Sewer    | Reached skill level 2 in Stealth
   699 | Sewer    | Reached skill level 2 in Shields
   699 | Sewer    | Reached skill level 2 in Unarmed Combat
   699 | Sewer    | Reached skill level 2 in Evocations
   700 | Sewer    | HP: 5/51 [bullfrog (5)]
   701 | Sewer    | HP: 1/51 [bullfrog (4)]
   811 | D:6      | Found a staircase to the Ecumenical Temple.
   817 | Temple   | Entered the Ecumenical Temple
   873 | Temple   | Became a worshipper of Cheibriados the Contemplative
   913 | D:6      | Reached XP level 7. HP: 38/56 MP: 8/15
  1027 | D:7      | Reached skill level 2 in Conjurations
  1027 | D:7      | Reached skill level 2 in Hexes
  1027 | D:7      | Reached skill level 2 in Summonings
  1027 | D:7      | Reached skill level 2 in Necromancy
  1027 | D:7      | Reached skill level 2 in Translocations
  1027 | D:7      | Reached skill level 2 in Transmutations
  1027 | D:7      | Reached skill level 2 in Fire Magic
  1027 | D:7      | Reached skill level 2 in Ice Magic
  1027 | D:7      | Reached skill level 2 in Air Magic
  1027 | D:7      | Reached skill level 2 in Earth Magic
  1027 | D:7      | Reached skill level 2 in Poison Magic
  1224 | D:8      | Reached skill level 3 in Invocations
  1277 | D:8      | Reached * piety under Cheibriados
  1280 | D:8      | Reached skill level 6 in Charms
  1280 | D:8      | Reached XP level 8. HP: 62/63 MP: 11/16
  1398 | D:9      | Reached skill level 3 in Short Blades
  1398 | D:9      | Reached skill level 3 in Long Blades
  1398 | D:9      | Reached skill level 3 in Maces & Flails
  1398 | D:9      | Reached skill level 3 in Polearms
  1398 | D:9      | Reached skill level 3 in Staves
  1398 | D:9      | Reached skill level 3 in Slings
  1398 | D:9      | Reached skill level 3 in Bows
  1398 | D:9      | Reached skill level 3 in Crossbows
  1398 | D:9      | Reached skill level 3 in Throwing
  1398 | D:9      | Reached skill level 4 in Armour
  1398 | D:9      | Reached skill level 3 in Stealth
  1398 | D:9      | Reached skill level 3 in Shields
  1398 | D:9      | Reached skill level 3 in Unarmed Combat
  1398 | D:9      | Reached skill level 3 in Evocations
  1429 | D:8      | Found Lizept's Book Boutique.
  1429 | D:8      | Noticed a two-headed ogre
  1448 | D:8      | Killed a two-headed ogre
  1448 | D:8      | Reached skill level 6 in Spellcasting
  1448 | D:8      | Reached skill level 3 in Conjurations
  1448 | D:8      | Reached skill level 3 in Hexes
  1448 | D:8      | Reached skill level 3 in Summonings
  1448 | D:8      | Reached skill level 3 in Necromancy
  1448 | D:8      | Reached skill level 3 in Translocations
  1448 | D:8      | Reached skill level 3 in Transmutations
  1448 | D:8      | Reached skill level 3 in Fire Magic
  1448 | D:8      | Reached skill level 3 in Ice Magic
  1448 | D:8      | Reached skill level 3 in Air Magic
  1448 | D:8      | Reached skill level 3 in Earth Magic
  1448 | D:8      | Reached skill level 3 in Poison Magic
  1448 | D:8      | Reached skill level 4 in Invocations
  1448 | D:8      | Reached XP level 9. HP: 59/69 MP: 18/18
  1484 | D:8      | Reached skill level 6 in Fighting
  1484 | D:8      | Reached skill level 6 in Axes
  1484 | D:8      | Reached skill level 6 in Dodging
  1587 | D:9      | Noticed Joseph
  1645 | D:9      | Reached skill level 4 in Short Blades
  1645 | D:9      | Reached skill level 4 in Long Blades
  1645 | D:9      | Reached skill level 4 in Maces & Flails
  1645 | D:9      | Reached skill level 4 in Polearms
  1645 | D:9      | Reached skill level 4 in Staves
  1645 | D:9      | Reached skill level 4 in Slings
  1645 | D:9      | Reached skill level 4 in Bows
  1645 | D:9      | Reached skill level 4 in Crossbows
  1645 | D:9      | Reached skill level 4 in Throwing
  1645 | D:9      | Reached skill level 4 in Stealth
  1645 | D:9      | Reached skill level 4 in Shields
  1645 | D:9      | Reached skill level 4 in Unarmed Combat
  1645 | D:9      | Reached skill level 4 in Evocations
  1660 | D:9      | Noticed a troll
  1668 | D:9      | Killed a troll
  1668 | D:9      | Reached skill level 5 in Armour
  1744 | D:10     | Entered Level 10 of the Dungeon
  1746 | D:10     | Reached ** piety under Cheibriados
  1854 | D:11     | Learned a level 4 spell: Summon Lightning Spire
  1924 | D:10     | Reached skill level 5 in Invocations
  2001 | D:11     | Reached XP level 10. HP: 77/77 MP: 20/20
  2012 | D:11     | Reached skill level 7 in Spellcasting
  2015 | D:11     | Reached skill level 4 in Conjurations
  2015 | D:11     | Reached skill level 4 in Hexes
  2015 | D:11     | Reached skill level 4 in Summonings
  2015 | D:11     | Reached skill level 4 in Necromancy
  2015 | D:11     | Reached skill level 4 in Translocations
  2015 | D:11     | Reached skill level 4 in Transmutations
  2015 | D:11     | Reached skill level 4 in Fire Magic
  2015 | D:11     | Reached skill level 4 in Ice Magic
  2015 | D:11     | Reached skill level 4 in Air Magic
  2015 | D:11     | Reached skill level 4 in Earth Magic
  2015 | D:11     | Reached skill level 4 in Poison Magic
  2037 | D:12     | Noticed a cyclops
  2038 | D:12     | Noticed a two-headed ogre
  2223 | D:12     | Reached skill level 5 in Short Blades
  2223 | D:12     | Reached skill level 5 in Long Blades
  2223 | D:12     | Reached skill level 5 in Maces & Flails
  2223 | D:12     | Reached skill level 5 in Polearms
  2223 | D:12     | Reached skill level 5 in Staves
  2223 | D:12     | Reached skill level 5 in Slings
  2223 | D:12     | Reached skill level 5 in Bows
  2223 | D:12     | Reached skill level 5 in Crossbows
  2223 | D:12     | Reached skill level 5 in Throwing
  2223 | D:12     | Reached skill level 5 in Stealth
  2223 | D:12     | Reached skill level 5 in Shields
  2223 | D:12     | Reached skill level 5 in Unarmed Combat
  2223 | D:12     | Reached skill level 5 in Evocations
  2251 | D:12     | Reached *** piety under Cheibriados
  2254 | D:12     | Reached skill level 7 in Charms
  2276 | D:12     | Killed a very large slime creature
  2276 | D:12     | Reached skill level 7 in Fighting
  2276 | D:12     | Reached skill level 7 in Axes
  2276 | D:12     | Reached skill level 7 in Dodging
  2280 | D:12     | Reached skill level 6 in Armour
  2323 | D:12     | Reached skill level 6 in Invocations
  2367 | D:12     | Got a crude hand crossbow
  2653 | D:9      | Found a staircase to the Lair.
  2670 | Lair:1   | Entered Level 1 of the Lair of Beasts
  2713 | Lair:1   | Learned a level 5 spell: Borgnjor's Vile Clutch
  2733 | Lair:1   | Reached **** piety under Cheibriados
  2736 | Lair:1   | Reached XP level 11. HP: 59/84 MP: 22/22
  2764 | Lair:2   | Learned a level 1 spell: Animate Skeleton
  2807 | Lair:2   | Got a warped silver ring
  2809 | Lair:2   | Identified the ring "Jestrifig" {Wiz +Blink rElec Int+4 Stlth-} (You found it on level 2 of the Lair of Beasts)
  2829 | Lair:3   | Reached skill level 8 in Fighting
  2829 | Lair:3   | Reached skill level 6 in Short Blades
  2829 | Lair:3   | Reached skill level 6 in Long Blades
  2829 | Lair:3   | Reached skill level 8 in Axes
  2829 | Lair:3   | Reached skill level 6 in Maces & Flails
  2829 | Lair:3   | Reached skill level 6 in Polearms
  2829 | Lair:3   | Reached skill level 6 in Staves
  2829 | Lair:3   | Reached skill level 6 in Slings
  2829 | Lair:3   | Reached skill level 6 in Bows
  2829 | Lair:3   | Reached skill level 6 in Crossbows
  2829 | Lair:3   | Reached skill level 6 in Throwing
  2829 | Lair:3   | Reached skill level 7 in Armour
  2829 | Lair:3   | Reached skill level 8 in Dodging
  2829 | Lair:3   | Reached skill level 6 in Stealth
  2829 | Lair:3   | Reached skill level 6 in Shields
  2829 | Lair:3   | Reached skill level 6 in Unarmed Combat
  2829 | Lair:3   | Reached skill level 8 in Spellcasting
  2829 | Lair:3   | Reached skill level 5 in Conjurations
  2829 | Lair:3   | Reached skill level 5 in Hexes
  2829 | Lair:3   | Reached skill level 5 in Summonings
  2829 | Lair:3   | Reached skill level 5 in Necromancy
  2829 | Lair:3   | Reached skill level 5 in Translocations
  2829 | Lair:3   | Reached skill level 5 in Transmutations
  2829 | Lair:3   | Reached skill level 5 in Fire Magic
  2829 | Lair:3   | Reached skill level 5 in Ice Magic
  2829 | Lair:3   | Reached skill level 5 in Air Magic
  2829 | Lair:3   | Reached skill level 5 in Earth Magic
  2829 | Lair:3   | Reached skill level 5 in Poison Magic
  2829 | Lair:3   | Reached skill level 7 in Invocations
  2829 | Lair:3   | Reached skill level 6 in Evocations
  2829 | Lair:3   | Reached XP level 12. HP: 89/93 MP: 24/24
  2887 | Lair:3   | Reached skill level 8 in Charms
  2927 | Lair:3   | Noticed a four-headed hydra
  2931 | Lair:3   | Killed a four-headed hydra
  2949 | Lair:4   | Noticed a death yak
  2953 | Lair:4   | Noticed a death yak
  2956 | Lair:4   | Noticed a death yak
  2959 | Lair:4   | Killed a death yak
  2959 | Lair:4   | Reached skill level 7 in Short Blades
  2959 | Lair:4   | Reached skill level 7 in Long Blades
  2959 | Lair:4   | Reached skill level 7 in Maces & Flails
  2959 | Lair:4   | Reached skill level 7 in Polearms
  2959 | Lair:4   | Reached skill level 7 in Staves
  2959 | Lair:4   | Reached skill level 7 in Slings
  2959 | Lair:4   | Reached skill level 7 in Bows
  2959 | Lair:4   | Reached skill level 7 in Crossbows
  2959 | Lair:4   | Reached skill level 7 in Throwing
  2959 | Lair:4   | Reached skill level 7 in Stealth
  2959 | Lair:4   | Reached skill level 7 in Shields
  2959 | Lair:4   | Reached skill level 7 in Unarmed Combat
  2959 | Lair:4   | Reached skill level 7 in Evocations
  2963 | Lair:4   | Killed a death yak
  2967 | Lair:4   | Killed a death yak
  2987 | Lair:4   | Noticed a catoblepas
  2998 | Lair:4   | Killed a catoblepas
  2998 | Lair:4   | Reached skill level 6 in Conjurations
  2998 | Lair:4   | Reached skill level 6 in Hexes
  2998 | Lair:4   | Reached skill level 6 in Summonings
  2998 | Lair:4   | Reached skill level 6 in Necromancy
  2998 | Lair:4   | Reached skill level 6 in Translocations
  2998 | Lair:4   | Reached skill level 6 in Transmutations
  2998 | Lair:4   | Reached skill level 6 in Fire Magic
  2998 | Lair:4   | Reached skill level 6 in Ice Magic
  2998 | Lair:4   | Reached skill level 6 in Air Magic
  2998 | Lair:4   | Reached skill level 6 in Earth Magic
  2998 | Lair:4   | Reached skill level 6 in Poison Magic
  3027 | Lair:4   | Reached skill level 8 in Invocations
  3118 | Lair:5   | Reached ***** piety under Cheibriados
  3212 | Lair:4   | Noticed a death yak
  3224 | Lair:4   | Killed a death yak
  3224 | Lair:4   | Reached skill level 9 in Spellcasting
  3252 | Lair:5   | Found a viscous altar of Jiyva.
  3252 | Lair:5   | Found a staircase to the Slime Pits.
  3469 | Lair:2   | Found a staircase to the Swamp.
  3489 | Lair:2   | Gained mutation: You have a pair of small horns on your head. [potion of mutation]
  3489 | Lair:2   | Gained mutation: You passively map a small area around you. [potion of mutation]
  3489 | Lair:2   | Gained mutation: You are covered in fur. (AC +1) [potion of mutation]
  3514 | Lair:2   | Reached skill level 8 in Armour
  3516 | Swamp:1  | Entered Level 1 of the Swamp
  3521 | Swamp:1  | Got a blackened falchion
  3522 | Swamp:1  | Identified the +6 falchion "Afienum" {slice, MR+ Int+4 Dex+5} (You found it on level 1 of the Swamp)
  3559 | Swamp:1  | Noticed a six-headed hydra
  3565 | Swamp:1  | Killed a six-headed hydra
  3565 | Swamp:1  | Reached skill level 9 in Fighting
  3565 | Swamp:1  | Reached skill level 9 in Axes
  3565 | Swamp:1  | Reached skill level 9 in Dodging
  3565 | Swamp:1  | Reached XP level 13. HP: 85/101 MP: 21/26
  3594 | Swamp:1  | Found a frozen archway.
  3678 | Swamp:4  | Entered Level 4 of the Swamp
  3700 | Swamp:4  | Noticed Bnni's ghost (adept FoFi)
  3739 | Swamp:3  | HP: 2/101 [asphyx]
  3741 | Swamp:3  | Mangled by a hornet

Skill      XL: |  1  2  3  4  5  6  7  8  9 10 11 12 |
---------------+-------------------------------------+-----
Spellcasting   | 5 6 7 8 9 |  9.4
Short Blades   | 1 2 3 4 5 6 7 |  7.9
Long Blades    | 1 2 3 4 5 6 7 |  7.9
Maces & Flails | 1 2 3 4 5 6 7 |  7.9
Polearms       | 1 2 3 4 5 6 7 |  7.9
Staves         | 1 2 3 4 5 6 7 |  7.9
Slings         | 1 2 3 4 5 6 7 |  7.9
Bows           | 1 2 3 4 5 6 7 |  7.9
Crossbows      | 1 2 3 4 5 6 7 |  7.9
Throwing       | 1 2 3 4 5 6 7 |  7.9
Stealth        | 1 2 3 4 5 6 7 |  7.9
Shields        | 1 2 3 4 5 6 7 |  7.9
Unarmed Combat | 1 2 3 4 5 6 7 |  7.9
Invocations    | 1 2 3 4 5 6 7 8 |  8.7
Evocations     | 1 2 3 4 5 6 7 |  7.9
Conjurations   | 1 2 3 4 5 6 |  6.6
Hexes          | 1 2 3 4 5 6 |  6.6
Summonings     | 1 2 3 4 5 6 |  6.6
Necromancy     | 1 2 3 4 5 6 |  6.6
Translocations | 1 2 3 4 5 6 |  6.6
Transmutations | 1 2 3 4 5 6 |  6.6
Fire Magic     | 1 2 3 4 5 6 |  6.6
Ice Magic      | 1 2 3 4 5 6 |  6.6
Air Magic      | 1 2 3 4 5 6 |  6.6
Earth Magic    | 1 2 3 4 5 6 |  6.6
Poison Magic   | 1 2 3 4 5 6 |  6.6
Armour         | 3 4 5 6 7 8 |  8.4
Fighting       | 5 6 7 8 9 |  9.2
Axes           | 5 6 7 8 9 |  9.2
Dodging        | 5 6 7 8 9 |  9.2
Charms         | 6 7 8 |  8.6

Action                   |  1- 3 |  4- 6 |  7- 9 | 10-12 | 13-15 || total
-------------------------+-------+-------+-------+-------+-------++-------
Melee: Hand axe          |    47 |    97 |    93 |       |       ||   237
       Bite              |     4 |     9 |    26 |    13 |     6 ||    58
       Punch             |       |       |     1 |     5 |     5 ||    11
       Dire flail        |       |       |    55 |    19 |       ||    74
       Glaive            |       |       |       |    20 |       ||    20
       War axe           |       |       |       |    39 |       ||    39
       Falchion          |       |       |       |     7 |    12 ||    19
       Headbutt          |       |       |       |     3 |    11 ||    14
Throw: Tomahawk          |     2 |       |    13 |    41 |     4 ||    60
 Cast: Infusion          |     3 |       |       |       |       ||     3
       Song of Slaying   |     3 |     9 |     6 |     1 |       ||    19
       Shroud of Golubri |     1 |     3 |    12 |     1 |       ||    17
       Spectral Weapon   |     1 |    10 |    23 |    12 |     4 ||    50
       Regeneration      |       |     4 |     9 |    12 |     2 ||    27
       Summon Lightning  |       |       |     1 |    16 |     1 ||    18
       Borgnjor's Vile C |       |       |       |    20 |     7 ||    27
       Animate Skeleton  |       |       |       |     1 |       ||     1
Invok: Slouch            |       |       |       |       |     1 ||     1
Evoke: Wand              |       |       |     4 |    10 |       ||    14
  Use: Scroll            |     4 |    10 |     4 |    10 |     3 ||    31
       Potion            |       |     1 |       |     3 |     1 ||     5
 Stab: Distracted        |       |       |     5 |     4 |       ||     9
       Confused          |       |       |     1 |       |       ||     1
       Sleeping          |       |       |     2 |     5 |       ||     7
       Petrified         |       |       |       |     2 |       ||     2
  Eat: Chunk             |       |     1 |     5 |     5 |     2 ||    13
Armor: Leather armour    |    14 |    13 |    14 |     7 |       ||    48
       Ring mail         |       |       |       |     3 |     5 ||     8
Dodge: Dodged            |    34 |    88 |   105 |   127 |    38 ||   392
       Rpst.: Falchion   |       |       |       |     6 |     8 ||    14

Table legend:
 A = Turns spent in this place as a percentage of turns spent in the entire game.
 B = Non-inter-level travel turns spent in this place as a percentage of non-inter-level travel turns spent in the entire game.
 C = Inter-level travel turns spent in this place as a percentage of turns spent in this place.
 D = Turns resting spent in this place as a percentage of non-inter-level travel turns spent in this place.
 E = Turns spent auto-exploring this place as a percentage of non-inter-level travel turns spent in this place.
 F = Non-inter-level travel turns spent in this place divided by the number of levels of this place that you've seen.
                   A       B       C       D       E      F
               +-------+-------+-------+-------+-------+----------------------
         Total | 100.0 | 100.0 |   2.0 |   0.6 |   0.0 | 152.8
       Dungeon |  62.3 |  61.9 |   2.6 |   1.0 |   0.0 | 174.7
        Temple |   1.9 |   1.6 |  19.4 |   0.0 |   0.0 |  58.0
          Lair |  22.6 |  23.1 |   0.0 |   0.0 |   0.0 | 169.2
         Swamp |   6.0 |   6.1 |   0.0 |   0.0 |   0.0 |  56.2
         Sewer |   7.1 |   7.3 |   0.0 |   0.0 |   0.0 | 267.0
               +-------+-------+-------+-------+-------+----------------------

Table legend:
 A = Kills in this place as a percentage of kills in entire the game.
 B = Kills by you in this place as a percentage of kills by you in the entire game.
 C = Kills by friends in this place as a percentage of kills by friends in the entire game.
 D = Other kills in this place as a percentage of other kills in the entire game.
 E = Experience gained in this place as a percentage of experience gained in the entire game.
 F = Experience gained in this place divided by the number of levels of this place that you have seen.
                   A       B       C       D       E      F
               +-------+-------+-------+-------+-------+----------------------
         Total | 100.0 | 100.0 | 100.0 |   N/A | 100.0 | 1171.6
       Dungeon |  51.9 |  52.9 |  43.5 |   N/A |  30.2 | 652.2
          Lair |  18.2 |  14.4 |  52.2 |   N/A |  41.9 | 2354.0
         Swamp |   9.1 |   9.6 |   4.3 |   N/A |  26.8 | 1883.5
         Sewer |  20.8 |  23.1 |   0.0 |   N/A |   1.2 | 337.0
               +-------+-------+-------+-------+-------+----------------------

Vault maps used:
D:1:      eino_arrival_water_star
D:2:      chequers_ecumenical_altar_twisty, first_ration,
          nicolae_ru_great_annihilating_truth
D:3:      lemuel_doored_altar, minitemple
D:4:      kennysheep_pointless_box
D:5:      gup_sewer_entry_glass, uniq_ijyb
D:6:      minmay_temple_entry_hall
D:7:      grunt_temple_overflow_forces_of_nature
D:8:      serial_shops, shop, uniq_grum
D:9:      minmay_lair_entry_lava, serial_shops, shop, uniq_joseph
D:10:     erik_orc_2, uniq_fannar
D:11:     the_bakery, corexii_hall_statues_u
D:13:     lightli_vaults_fourway_checkpoint, uniq_snorg, uniq_josephine,
          uniq_azrael
Temple:   jpeg_temple_clearing
Lair:1:   grunt_megastairs_2
Lair:2:   swamp_mist_pool
Lair:3:   serial_bayou_pond_e, minivault_23, beast_lair_carwin_4
Lair:4:   beast_lair_carwin_large_4, serial_bayou_shore_b
Lair:5:   slime_altar_1
Swamp:1:  portal_ice_cave_entry_ice_statue_one, nicolae_swamp_little_tower,
          infiniplex_staircase_pool_2
Swamp:2:  nicolae_swamp_rocky_clearing
Swamp:3:  evilmike_swamp_ruin_house_1, uniq_mara
Swamp:4:  swamp_pestilence, swamp_pool4, uniq_bai_suzhen
Sewer:    sewer_minmay_w
